Map: Abyssal Reef LE

Players

SortOf - Winner!

  • Race: Zerg Zerg
  • Spawn Location: 11:00

WeRiano

  • Race: Protoss Protoss
  • Spawn Location: 5:00

Event: WCS Jonkoping 2017

VOD

Have the link to the VOD?

Description

Time

  • Played on: June 17, 2017, 6:29 a.m.
  • Length: 2:26

All games in this series

Show
View Real Time Build Order
Export as new Build Order

SortOf Zerg - Winner!

Build Orders: Pool First 

Get SALT Encoding   

  12  0:17  Spawning Pool  
  11  0:22  Drone  
  12  0:29  Drone  
  12  0:31  Drone  
  14  0:41  Overlord  
  14  1:04  Zergling x4  
  14  1:08  Zergling x2  
  17  1:16  Zergling x2  
  18  1:22  Hatchery  
  17  1:27  Zergling x2  
  18  1:37  Zergling x2  
  19  1:41  Queen  
  21  1:50  Overlord  
  21  2:00  Drone  
  22  2:09  Drone  
Show
View Real Time Build Order
Export as new Build Order

WeRiano Protoss 

Build Orders:  

Get SALT Encoding   

  12  0:01  Probe (Chrono Boost)  
  13  0:11  Probe (Chrono Boost)  
  14  0:18  Pylon  
  14  0:22  Probe (Chrono Boost)  
  15  0:36  Probe (Chrono Boost)  
  15  0:38  Gateway  
  16  0:47  Probe (Chrono Boost)  
  16  0:48  Assimilator  
  17  0:57  Probe (Chrono Boost)  
  18  1:08  Probe (Chrono Boost)  
  19  1:18  Probe (Chrono Boost)  
  19  1:25  Zealot (Chrono Boost)  
  22  1:26  Cybernetics Core  
  22  1:28  Pylon  
  22  1:38  Probe  
  23  1:40  Assimilator  
  23  1:49  Zealot (Chrono Boost)  
  23  1:50  Probe  
  24  2:24  Pylon  
Tags
 
Add a new tag
Caveats
  • Supply blocks, unpowered buildings, or Contaminate may cause inaccurate times.
  • Supply counts are checked every 10 seconds.